Map: Dusk Towers

Players

Zanster

  • Race: Zerg Zerg

MelloW (Nina) - Winner!

  • Race: Protoss Protoss
  • League: Grandmaster

Event: DreamHack ROCCAT LotV Championship

VOD

Have the link to the VOD?

Description

Time

  • Played on: Nov. 26, 2015, 12:34 p.m.
  • Length: 11:16

All games in this series

Show
View Real Time Build Order
Export as new Build Order

Zanster Zerg 

Build Orders: 3 Hatch before Pool, Lurkers 

Get SALT Encoding   

  12  0:01  Drone  
  13  0:12  Overlord  
  13  0:17  Drone  
  14  0:30  Drone x2  
  14  0:34  Drone  
  17  0:52  Hatchery  
  17  0:54  Drone  
  17  0:57  Drone  
  18  1:18  Hatchery  
  18  1:20  Drone  
  18  1:23  Drone  
  19  1:28  Extractor  
  18  1:38  Spawning Pool  
  17  1:40  Drone  
  17  1:45  Drone  
  19  1:50  Drone  
  20  2:02  Drone  
  20  2:05  Drone  
  22  2:10  Drone  
  22  2:15  Drone  
  24  2:23  Drone  
  24  2:25  Queen  
  24  2:29  Queen  
  27  2:31  Metabolic Boost  
  27  2:34  Zergling x2  
  30  2:38  Drone x2  
  30  2:40  Overlord  
  30  2:43  Drone  
  33  2:44  Drone  
  34  2:58  Overlord  
  34  2:59  Drone  
  34  3:00  Drone, Queen  
  34  3:05  Drone x2  
  40  3:08  Zergling x4  
  42  3:16  Zergling x2  
  42  3:17  Zergling x2  
  42  3:19  Zergling x2  
  45  3:24  Zergling x2  
  45  3:26  Lair  
  46  3:32  Overlord  
  46  3:41  Zergling x8  
  50  3:44  Overlord  
  50  3:48  Drone  
  50  3:52  Drone x5, Extractor  
  53  3:56  Overlord  
  53  3:57  Drone  
  53  3:59  Drone  
  54  4:07  Roach Warren  
  54  4:08  Drone x2  
  54  4:09  Drone  
  56  4:11  Drone x3  
  56  4:12  Drone  
  56  4:13  Queen  
  56  4:15  Drone x2  
  65  4:19  Drone  
  65  4:20  Drone  
  65  4:21  Drone  
  66  4:24  Drone x2  
  66  4:27  Extractor  
  66  4:29  Overlord  
  67  4:33  Hydralisk Den  
  67  4:34  Evolution Chamber  
  67  4:35  Drone  
  67  4:37  Drone  
  67  4:38  Evolution Chamber  
  67  4:40  Drone x2  
  67  4:41  Drone  
  67  4:43  Drone x2  
  67  4:44  Drone  
  71  4:48  Drone x3  
  71  4:51  Drone x2  
  71  4:52  Drone  
  77  4:54  Overlord  
  77  4:55  Drone  
  77  4:58  Extractor  
  76  5:01  Drone  
  76  5:03  Drone  
  76  5:04  Zerg Ground Armor Level 1, Zerg Melee Weapons Level 1  
  78  5:09  Extractor  
  78  5:10  Extractor  
  78  5:11  Drone  
  78  5:13  Drone x2  
  79  5:17  Overlord  
  79  5:18  Zergling x8  
  79  5:20  Overlord  
  82  5:21  Lurker Den  
  82  5:24  Drone x2  
  82  5:25  Drone  
  85  5:31  Overlord  
  85  5:34  Overlord  
  85  5:41  Hatchery  
  84  5:45  Hatchery  
  83  5:50  Hydralisk  
  83  5:51  Hydralisk x3  
  83  5:53  Hydralisk  
  83  5:55  Hydralisk  
  95  6:00  Hydralisk x2  
  95  6:02  Hydralisk  
  100  6:05  Hydralisk  
  100  6:08  Hydralisk x2  
  106  6:14  Zergling x10  
  106  6:17  Overlord  
  111  6:28  Overlord  
  111  6:31  Zergling x8  
  113  6:33  Overlord x2  
  113  6:40  Zergling x10  
  113  6:44  Overlord  
  118  6:48  Overseer  
  118  6:49  Overlord  
  118  6:54  Queen  
  118  6:59  Lurker  
  118  7:00  Lurker x7  
  128  7:03  Pneumatized Carapace  
  128  7:05  Drone x7  
  128  7:06  Drone  
  128  7:07  Zergling x12  
  142  7:14  Zergling x8  
  146  7:18  Overlord  
  146  7:25  Zergling x2  
  146  7:26  Zergling x10  
  143  7:30  Zergling x10  
  143  7:36  Zerg Melee Weapons Level 2, Extractor  
  146  7:38  Drone x4  
  146  7:39  Spire  
  146  7:40  Extractor  
  146  7:41  Zerg Ground Armor Level 2  
  148  7:45  Zergling x6  
  148  7:47  Overlord  
  148  7:51  Zergling x8  
  150  7:56  Zergling x4  
  152  7:59  Hydralisk x2  
  152  8:01  Hydralisk  
  152  8:03  Hydralisk  
  160  8:11  Overlord  
  159  8:14  Lurker x3  
  159  8:15  Lurker  
  159  8:17  Zergling x8  
  159  8:18  Overlord  
  167  8:22  Hatchery  
  167  8:26  Zergling x2  
  167  8:27  Zergling x14  
  171  8:34  Zergling x2  
  171  8:35  Zergling x10  
  177  8:41  Extractor  
  158  8:50  Zergling x16  
  158  8:54  Zergling x2  
  158  8:59  Zergling x6  
  158  9:01  Zergling x6  
  158  9:02  Zergling x12  
  146  9:10  Hydralisk x2  
  146  9:11  Hydralisk x2  
  146  9:23  Zergling x10  
  146  9:24  Zergling x2  
  152  9:38  Mutalisk x12  
  174  9:46  Mutalisk x2  
  166  9:55  Lurker x2  
  166  9:56  Zergling x2  
  166  9:57  Zergling x22  
  179  10:07  Zergling x18  
  182  10:22  Zergling x22  
  188  10:30  Zergling x2  
  188  10:31  Zergling x14  
  135  10:43  Mutalisk  
  135  10:44  Mutalisk x6  
Show
View Real Time Build Order
Export as new Build Order

MelloW Protoss - Winner!

Build Orders: Nexus First 

Get SALT Encoding   

  12  0:01  Probe (Chrono Boost)  
  13  0:12  Probe (Chrono Boost)  
  14  0:19  Pylon  
  14  0:23  Probe (Chrono Boost)  
  15  0:37  Probe (Chrono Boost)  
  16  0:47  Probe (Chrono Boost)  
  17  0:56  Nexus  
  17  1:01  Probe (Chrono Boost)  
  19  1:11  Probe (Chrono Boost)  
  19  1:13  Gateway  
  19  1:18  Assimilator  
  19  1:22  Probe (Chrono Boost)  
  20  1:27  Assimilator  
  20  1:32  Probe (Chrono Boost)  
  21  1:36  Pylon  
  21  1:43  Probe (Chrono Boost)  
  22  1:53  Probe (Chrono Boost)  
  23  1:55  Gateway  
  23  2:02  Cybernetics Core  
  23  2:05  Probe (Chrono Boost)  
  24  2:09  Probe (Chrono Boost)  
  25  2:16  Probe (Chrono Boost)  
  25  2:19  Probe (Chrono Boost)  
  27  2:26  Probe (Chrono Boost)  
  29  2:30  Probe (Chrono Boost)  
  29  2:37  Probe (Chrono Boost)  
  29  2:38  Adept (Chrono Boost), Warp Gate (Chrono Boost)  
  29  2:40  Probe (Chrono Boost)  
  29  2:43  Adept (Chrono Boost)  
  35  2:48  Mothership Core (Chrono Boost)  
  37  2:53  Probe (Chrono Boost)  
  37  2:57  Pylon  
  38  3:04  Probe (Chrono Boost)  
  39  3:08  Probe (Chrono Boost)  
  39  3:10  Stalker  
  39  3:11  Sentry  
  44  3:14  Probe (Chrono Boost)  
  44  3:18  Probe (Chrono Boost)  
  46  3:25  Probe (Chrono Boost)  
  47  3:28  Nexus  
  47  3:30  Probe (Chrono Boost)  
  48  3:35  Probe (Chrono Boost)  
  48  3:37  Pylon  
  48  3:40  Probe (Chrono Boost)  
  50  3:46  Probe (Chrono Boost)  
  50  3:51  Probe (Chrono Boost), Twilight Council  
  51  3:57  Probe (Chrono Boost)  
  51  4:01  Probe (Chrono Boost)  
  49  4:03  Gateway  
  49  4:06  Gateway, Probe (Chrono Boost)  
  50  4:12  Probe, Pylon  
  51  4:19  Probe  
  51  4:24  Probe, Blink (Chrono Boost)  
  51  4:25  Assimilator x2  
  51  4:30  Probe  
  52  4:33  Robotics Facility  
  53  4:39  Probe  
  53  4:40  Probe x2  
  55  4:46  Gateway  
  55  4:48  Sentry x2  
  55  4:50  Probe, Gateway  
  55  4:52  Probe x2  
  61  4:58  Gateway  
  62  5:00  Probe  
  62  5:03  Probe  
  62  5:04  Probe  
  62  5:06  Stalker  
  67  5:10  Adept  
  67  5:11  Probe  
  67  5:13  Probe  
  70  5:16  Probe  
  70  5:20  Phoenix  
  70  5:21  Forge  
  71  5:23  Probe  
  71  5:24  Probe, Observer (Chrono Boost)  
  71  5:27  Stalker  
  71  5:28  Probe  
  77  5:34  Probe  
  77  5:35  Probe  
  78  5:39  Stalker  
  78  5:40  Probe  
  78  5:42  Warp Prism (Chrono Boost)  
  82  5:45  Probe  
  85  5:50  Pylon x2  
  85  5:54  Pylon  
  85  5:55  Assimilator  
  85  5:58  Probe  
  85  6:01  Protoss Ground Weapons Level 1 (Chrono Boost)  
  85  6:08  Probe x2, Pylon  
  87  6:12  Pylon  
  87  6:13  Adept x3, Robotics Bay  
  87  6:17  Adept, Pylon  
  95  6:19  Adept  
  95  6:20  Probe x2, Adept  
  95  6:24  Adept, Assimilator  
  103  6:28  Observer  
  104  6:36  Gateway  
  104  6:38  Adept  
  104  6:39  Adept x2  
  110  6:42  Adept x2  
  110  6:43  Adept  
  116  6:47  Robotics Facility  
  116  6:56  Photon Cannon  
  116  7:01  Disruptor (Chrono Boost)  
  116  7:04  Stalker x3  
  116  7:05  Stalker  
  116  7:08  Stalker  
  129  7:09  Stalker  
  129  7:12  Stalker  
  133  7:17  Pylon  
  133  7:23  Pylon  
  133  7:25  Pylon  
  123  7:30  Stalker  
  123  7:31  Stalker x3  
  123  7:35  Disruptor (Chrono Boost)  
  137  7:41  Disruptor (Chrono Boost)  
  137  7:48  Adept x3  
  141  7:59  Stalker  
  141  8:00  Stalker x2  
  147  8:07  Disruptor (Chrono Boost), Pylon  
  147  8:10  Nexus  
  153  8:14  Disruptor (Chrono Boost)  
  153  8:27  Stalker x2  
  153  8:28  Stalker x3  
  163  8:36  Pylon, Photon Cannon  
  163  8:43  Pylon  
  163  8:45  Pylon  
  164  8:53  Disruptor (Chrono Boost)  
  151  8:56  Stalker x5  
  151  9:01  Disruptor (Chrono Boost)  
  157  9:16  Stalker x3  
  157  9:20  Stalker  
  162  9:28  Disruptor (Chrono Boost)  
  162  9:32  Observer (Chrono Boost)  
  163  9:39  Stargate  
  163  9:55  Adept  
  163  9:56  Adept x7  
  179  10:01  Gateway  
  182  10:14  Disruptor (Chrono Boost)  
  182  10:18  Stalker x3  
  182  10:19  Disruptor (Chrono Boost)  
  191  10:24  Photon Cannon  
  191  10:28  Photon Cannon  
  191  10:32  Photon Cannon  
  191  10:40  Stalker  
  191  10:41  Stalker x2  
  174  10:47  Stalker x2  
  155  11:02  Stalker  
  155  11:03  Stalker x2  
  161  11:04  Sentry  
  161  11:06  Sentry  

Tags
 
Add a new tag
Caveats
  • Supply blocks, unpowered buildings, or Contaminate may cause inaccurate times.
  • Supply counts are checked every 10 seconds.